[ AOE2 MATCH · #473854103 ]
UnrankedDravidians vs Vietnamese
[ REPLAY ANALYSIS · EXTRACTED FROM THE RECORDED GAME ]
Feudal
10:42
Castle
20:59
Imperial
33:05
| APM avg | 34.6 |
| APM peak | 81 |
| eAPM avg | 15.8 |
| Villagers / military | 45 / 81 |
Focus
⚔️ 28.1% · 🌾 71.9%
Fishing Ship ×64 · Skirmisher ×50 · Fire Galley ×23 · Unknown (2626) ×22 · Demolition Raft ×3 · Trebuchet (Packed) ×3
Feudal
9:54
Castle
21:07
Imperial
44:12
| APM avg | 29.9 |
| APM peak | 74 |
| eAPM avg | 9.6 |
| Villagers / military | 86 / 74 |
Focus
⚔️ 24.0% · 🌾 76.0%
Scout Cavalry ×38 · Knight ×36 · Fishing Ship ×7
Feudal
12:09
Castle
19:05
Imperial
—
| APM avg | 34.8 |
| APM peak | 79 |
| eAPM avg | 14.0 |
| Villagers / military | 94 / 42 |
Focus
⚔️ 23.0% · 🌾 77.0%
Cavalry Archer ×33 · Fishing Ship ×12 · Battering Ram ×4 · Fire Lancer ×3 · Rattan Archer ×2
Feudal
12:03
Castle
25:13
Imperial
—
| APM avg | 27.1 |
| APM peak | 49 |
| eAPM avg | 12.1 |
| Villagers / military | 53 / 49 |
Focus
⚔️ 31.8% · 🌾 68.2%
Fishing Ship ×41 · Cavalry Archer ×32 · Militia ×9 · Unknown (2626) ×6 · Samurai ×4 · Fire Galley ×4
Feudal
14:28
Castle
19:43
Imperial
39:07
| APM avg | 46.1 |
| APM peak | 88 |
| eAPM avg | 29.4 |
| Villagers / military | 110 / 103 |
Focus
⚔️ 56.8% · 🌾 43.2%
Conquistador ×69 · Knight ×20 · Fishing Ship ×13 · Fire Galley ×5 · Spearman ×4 · Trebuchet (Packed) ×4
Feudal
12:04
Castle
14:59
Imperial
31:19
| APM avg | 34.7 |
| APM peak | 96 |
| eAPM avg | 17.8 |
| Villagers / military | 114 / 126 |
Focus
⚔️ 36.6% · 🌾 63.4%
Spearman ×52 · Fishing Ship ×30 · Militia ×29 · Skirmisher ×16 · Karambit Warrior ×12 · Galley ×6
Feudal
13:47
Castle
17:29
Imperial
35:42
| APM avg | 30.4 |
| APM peak | 66 |
| eAPM avg | 14.8 |
| Villagers / military | 98 / 98 |
Focus
⚔️ 23.4% · 🌾 76.6%
Militia ×49 · Longboat ×48 · Fishing Ship ×43 · Monk ×1
Feudal
11:57
Castle
17:58
Imperial
35:44
| APM avg | 38.8 |
| APM peak | 94 |
| eAPM avg | 16.3 |
| Villagers / military | 138 / 90 |
Focus
⚔️ 28.9% · 🌾 71.1%
Galley ×89 · Fishing Ship ×12 · Monk ×1
Match map
Initial resources + every placement click. Lines = walls · curves = elevation contours. ◆ gold · ⬟ stone · ● berries · ✦ relic · ◌ wall gap
Your base· Open — 1t gap
北海小英雄's base· ✓ Map-separated
nbakmbi's base· ✓ Map-separated
阿魚魚魚魚's base· ✓ Closed at 25:13 · 0t walls · no gate
龙10五's base· Open
Альберт's base· ✓ Map-separated
維尼's base· ✓ Map-separated
灯窝森曾瑞不药方松迪's base· Open — opponent sealed themselves in
Smoothed initial terrain · ◌ = detected wall gap · hover for details
Inputs per minute
— LR - - 北海小英雄
Build order — LR
First 150 of 202 actions detected
| 1:48 | Build | Town Center |
| 1:59 | Build | Dock |
| 2:54 | Create | Fishing Ship |
| 3:03 | Create | Villager (Male) |
| 3:03 | Create | Villager (Male) |
| 3:04 | Create | Villager (Male) |
| 3:04 | Create | Villager (Male) |
| 3:04 | Create | Villager (Male) |
| 3:15 | Build | House |
| 3:18 | Build | House |
| 3:33 | Create | Fishing Ship |
| 4:02 | Build | Dock |
| 4:07 | Create | Fishing Ship |
| 4:21 | Build | House |
| 4:29 | Create | Fishing Ship |
| 4:41 | Create | Fishing Ship |
| 4:50 | Create | Villager (Male) |
| 5:11 | Research | Loom |
| 5:16 | Create | Fishing Ship |
| 5:20 | Create | Fishing Ship |
| 5:50 | Create | Villager (Male) |
| 5:53 | Create | Fishing Ship |
| 5:53 | Create | Fishing Ship |
| 5:57 | Create | Villager (Male) |
| 5:57 | Create | Villager (Male) |
| 5:58 | Create | Villager (Male) |
| 6:10 | Create | Fishing Ship |
| 6:36 | Create | Fishing Ship |
| 6:38 | Create | Villager (Male) |
| 6:57 | Create | Fishing Ship |
| 7:13 | Create | Villager (Male) |
| 7:16 | Create | Fishing Ship |
| 7:46 | Build | Dock |
| 7:48 | Create | Villager (Male) |
| 7:53 | Create | Fishing Ship |
| 8:32 | Research | Feudal Age |
| 8:46 | Create | Fishing Ship |
| 8:51 | Create | Fishing Ship |
| 9:09 | Create | Fishing Ship |
| 9:17 | Create | Fishing Ship |
| 9:20 | Create | Fishing Ship |
| 9:33 | Create | Villager (Male) |
| 9:33 | Create | Villager (Male) |
| 10:06 | Create | Fishing Ship |
| 10:14 | Build | House |
| 10:15 | Build | House |
| 10:42 | Age | Feudal Age |
| 10:47 | Create | Unit 2626 |
| 10:47 | Create | Unit 2626 |
| 11:10 | Build | Mill |
| 11:16 | Create | Villager (Male) |
| 11:16 | Create | Villager (Male) |
| 11:20 | Create | Fishing Ship |
| 11:20 | Create | Fishing Ship |
| 11:20 | Create | Fishing Ship |
| 12:00 | Create | Unit 2626 |
| 12:22 | Create | Villager (Male) |
| 12:22 | Create | Villager (Male) |
| 12:23 | Create | Villager (Male) |
| 12:26 | Build | Market |
| 12:36 | Create | Unit 2626 |
| 12:37 | Create | Unit 2626 |
| 12:45 | Build | House |
| 12:48 | Build | House |
| 12:56 | Build | House |
| 12:58 | Build | House |
| 13:05 | Build | House |
| 13:07 | Build | House |
| 13:21 | Create | Unit 2626 |
| 13:21 | Create | Unit 2626 |
| 13:25 | Create | Villager (Male) |
| 13:25 | Create | Villager (Male) |
| 13:30 | Create | Fishing Ship |
| 13:42 | Research | Tech 906 |
| 13:53 | Create | Fire Galley |
| 13:57 | Research | Tech 906 |
| 14:30 | Create | Villager (Male) |
| 14:37 | Build | House |
| 14:40 | Build | House |
| 14:42 | Build | Lumber Camp |
| 14:43 | Create | Villager (Male) |
| 14:43 | Create | Villager (Male) |
| 15:27 | Create | Fire Galley |
| 15:28 | Create | Fire Galley |
| 15:29 | Create | Fire Galley |
| 15:30 | Create | Fire Galley |
| 15:30 | Create | Fire Galley |
| 16:06 | Build | Mining Camp |
| 16:40 | Create | Fire Galley |
| 16:41 | Create | Fire Galley |
| 16:41 | Create | Fire Galley |
| 17:31 | Build | Blacksmith |
| 17:37 | Create | Villager (Male) |
| 17:37 | Create | Villager (Male) |
| 17:37 | Create | Villager (Male) |
| 17:38 | Create | Villager (Male) |
| 17:38 | Create | Villager (Male) |
| 17:38 | Create | Villager (Male) |
| 18:12 | Research | Double-Bit Axe |
| 18:18 | Research | Castle Age |
| 20:03 | Build | Dock |
| 20:16 | Create | Fishing Ship |
| 20:17 | Create | Fishing Ship |
| 20:17 | Create | Fishing Ship |
| 20:17 | Create | Fishing Ship |
| 20:17 | Create | Fishing Ship |
| 20:59 | Age | Castle Age |
| 21:19 | Build | Castle |
| 21:34 | Research | War Galley (upgrade) |
| 21:50 | Research | Gillnets |
| 21:58 | Build | Dock |
| 22:09 | Create | Unit 2626 ×5 |
| 22:47 | Create | Fishing Ship |
| 22:47 | Create | Fishing Ship |
| 22:47 | Create | Fishing Ship |
| 22:48 | Create | Fishing Ship |
| 22:48 | Create | Fishing Ship |
| 22:49 | Create | Villager (Male) |
| 22:50 | Create | Villager (Male) |
| 22:50 | Create | Villager (Male) |
| 22:50 | Create | Villager (Male) |
| 22:50 | Create | Villager (Male) |
| 22:51 | Create | Villager (Male) |
| 22:59 | Create | Unit 2626 ×5 |
| 23:52 | Create | Fire Galley ×4 |
| 24:07 | Create | Villager (Male) ×5 |
| 24:09 | Research | Wheelbarrow |
| 25:00 | Create | Fire Galley ×5 |
| 25:21 | Build | Lumber Camp |
| 26:14 | Create | Fire Galley ×5 |
| 26:35 | Create | Villager (Male) |
| 26:36 | Create | Villager (Male) |
| 26:36 | Create | Villager (Male) |
| 26:39 | Build | University |
| 26:42 | Build | Lumber Camp |
| 26:42 | Research | Bow Saw |
| 26:53 | Build | Dock |
| 27:01 | Build | Dock |
| 27:38 | Create | Demolition Raft |
| 27:38 | Create | Demolition Raft |
| 27:45 | Create | Demolition Raft |
| 28:07 | Create | Fishing Ship ×5 |
| 28:38 | Build | Siege Workshop |
| 29:14 | Build | Dock |
| 29:16 | Build | Dock |
| 29:39 | Research | Imperial Age |
| 30:03 | Build | Castle |
| 30:11 | Create | Mangonel |
| 30:11 | Create | Mangonel |
| 30:49 | Create | Fishing Ship ×5 |
Build order — 北海小英雄
First 150 of 222 actions detected
| 1:17 | Build | Dock |
| 1:53 | Build | Town Center |
| 2:09 | Build | House |
| 2:10 | Build | House |
| 2:13 | Create | Fishing Ship |
| 3:09 | Create | Villager (Male) |
| 3:09 | Create | Villager (Male) |
| 3:10 | Create | Villager (Male) |
| 3:10 | Create | Villager (Male) |
| 3:10 | Create | Villager (Male) |
| 3:24 | Create | Fishing Ship |
| 4:26 | Create | Villager (Male) |
| 4:28 | Create | Villager (Male) |
| 5:30 | Build | Mill |
| 5:37 | Create | Villager (Male) |
| 5:37 | Create | Villager (Male) |
| 5:38 | Create | Villager (Male) |
| 5:38 | Create | Villager (Male) |
| 5:38 | Create | Villager (Male) |
| 5:55 | Create | Fishing Ship |
| 5:56 | Create | Fishing Ship |
| 5:58 | Create | Fishing Ship |
| 5:59 | Create | Fishing Ship |
| 6:09 | Build | House |
| 6:33 | Build | House |
| 7:31 | Create | Fishing Ship |
| 7:39 | Research | Feudal Age |
| 7:39 | Research | Feudal Age |
| 8:52 | Build | Outpost |
| 9:21 | Build | House |
| 9:35 | Research | Loom |
| 9:54 | Age | Feudal Age |
| 9:55 | Build | House |
| 10:04 | Build | Stable |
| 10:46 | Build | Stable |
| 10:54 | Create | Villager (Male) |
| 10:55 | Create | Villager (Male) |
| 10:56 | Create | Villager (Male) |
| 10:58 | Create | Villager (Male) |
| 11:23 | Build | Lumber Camp |
| 11:33 | Create | Scout Cavalry |
| 11:33 | Create | Scout Cavalry |
| 11:34 | Create | Scout Cavalry |
| 11:35 | Create | Scout Cavalry |
| 11:35 | Create | Scout Cavalry |
| 11:39 | Create | Scout Cavalry ×5 |
| 11:51 | Create | Villager (Male) |
| 12:14 | Build | Blacksmith |
| 12:51 | Build | Farm |
| 12:52 | Build | Farm |
| 12:52 | Build | Farm |
| 13:11 | Build | House |
| 13:13 | Build | House |
| 13:26 | Research | Forging |
| 13:27 | Research | Scale Barding Armor |
| 13:33 | Create | Scout Cavalry |
| 13:33 | Create | Scout Cavalry |
| 13:51 | Build | Farm |
| 13:52 | Build | Farm |
| 14:27 | Build | Farm |
| 14:31 | Build | Farm |
| 14:31 | Build | Farm |
| 15:47 | Create | Villager (Male) |
| 15:54 | Build | Mining Camp |
| 17:09 | Build | Farm |
| 17:37 | Create | Villager (Male) |
| 17:43 | Create | Villager (Male) |
| 17:43 | Create | Villager (Male) |
| 17:44 | Create | Villager (Male) |
| 18:01 | Research | Castle Age |
| 18:01 | Create | Villager (Male) |
| 18:02 | Create | Villager (Male) |
| 19:55 | Research | Double-Bit Axe |
| 19:58 | Research | Gold Mining |
| 20:07 | Build | Mill |
| 20:53 | Build | Farm |
| 20:56 | Research | Horse Collar |
| 20:56 | Research | Horse Collar |
| 21:07 | Age | Castle Age |
| 21:26 | Build | Town Center |
| 21:53 | Research | Iron Casting |
| 21:54 | Research | Chain Barding Armor |
| 22:04 | Research | Bloodlines |
| 22:04 | Research | Husbandry |
| 22:17 | Create | Villager (Male) |
| 22:17 | Create | Villager (Male) |
| 22:32 | Build | Farm |
| 22:32 | Build | Farm |
| 22:33 | Build | Farm |
| 22:34 | Build | Farm |
| 22:54 | Create | Scout Cavalry |
| 24:13 | Create | Villager (Male) |
| 24:14 | Create | Villager (Male) |
| 24:14 | Create | Villager (Male) |
| 24:14 | Create | Villager (Male) |
| 24:14 | Create | Villager (Male) |
| 24:15 | Create | Villager (Male) |
| 24:15 | Create | Villager (Male) |
| 24:15 | Create | Villager (Male) |
| 24:36 | Create | Villager (Male) ×2 |
| 25:08 | Build | Town Center |
| 25:28 | Create | Villager (Male) |
| 25:28 | Create | Villager (Male) |
| 25:29 | Create | Villager (Male) |
| 25:29 | Create | Villager (Male) |
| 25:29 | Create | Villager (Male) |
| 25:30 | Create | Villager (Male) |
| 26:58 | Create | Knight ×5 |
| 26:58 | Create | Knight ×5 |
| 26:59 | Create | Knight |
| 27:17 | Create | Villager (Male) |
| 27:17 | Create | Villager (Male) |
| 27:44 | Create | Knight ×2 |
| 27:49 | Build | Stable |
| 28:29 | Build | House |
| 29:00 | Build | Market |
| 29:16 | Research | Gold Shaft Mining |
| 29:19 | Research | Bow Saw |
| 29:50 | Build | Castle |
| 29:58 | Create | Knight |
| 29:58 | Create | Knight |
| 30:29 | Create | Villager (Male) |
| 30:29 | Create | Villager (Male) |
| 30:29 | Create | Villager (Male) |
| 30:30 | Create | Villager (Male) |
| 30:32 | Create | Villager (Male) |
| 30:32 | Create | Villager (Male) |
| 30:35 | Create | Villager (Male) |
| 30:35 | Create | Villager (Male) |
| 31:12 | Create | Villager (Male) |
| 31:12 | Create | Villager (Male) |
| 31:12 | Create | Villager (Male) |
| 32:20 | Build | Castle |
| 32:31 | Research | Wheelbarrow |
| 32:34 | Create | Villager (Male) ×3 |
| 32:34 | Create | Villager (Male) ×3 |
| 32:51 | Build | Farm |
| 32:51 | Build | Farm |
| 32:52 | Build | Farm |
| 32:54 | Build | Farm |
| 33:18 | Create | Knight ×3 |
| 33:19 | Create | Knight ×3 |
| 34:04 | Build | Farm |
| 34:04 | Build | Farm |
| 34:04 | Build | Farm |
| 34:06 | Build | Farm |
| 34:12 | Build | Farm |
| 34:12 | Build | Farm |
| 34:19 | Build | Farm |
| 34:47 | Create | Knight ×5 |
Build order — nbakmbi
First 150 of 224 actions detected
| 2:24 | Build | Dock |
| 2:50 | Build | Town Center |
| 3:47 | Create | Villager (Male) |
| 3:47 | Create | Villager (Male) |
| 3:48 | Create | Villager (Male) |
| 3:48 | Create | Villager (Male) |
| 3:52 | Build | House |
| 4:30 | Research | Loom |
| 4:41 | Create | Villager (Male) |
| 4:41 | Create | Villager (Male) |
| 4:41 | Create | Villager (Male) |
| 4:42 | Create | Villager (Male) |
| 4:42 | Create | Villager (Male) |
| 4:50 | Build | House |
| 4:59 | Create | Fishing Ship |
| 5:00 | Create | Fishing Ship |
| 5:26 | Create | Villager (Male) |
| 5:26 | Create | Villager (Male) |
| 6:01 | Create | Fishing Ship |
| 6:17 | Create | Villager (Male) |
| 6:18 | Create | Villager (Male) |
| 6:28 | Create | Villager (Male) |
| 6:28 | Create | Villager (Male) |
| 6:44 | Build | House |
| 6:45 | Create | Villager (Male) |
| 6:46 | Create | Villager (Male) |
| 6:57 | Create | Villager (Male) |
| 6:58 | Create | Villager (Male) |
| 7:12 | Create | Villager (Male) |
| 7:12 | Create | Villager (Male) |
| 7:27 | Build | House |
| 7:34 | Create | Villager (Male) |
| 7:38 | Create | Fishing Ship |
| 7:54 | Build | House |
| 7:58 | Build | Palisade Wall |
| 8:10 | Create | Villager (Male) |
| 8:11 | Create | Villager (Male) |
| 8:20 | Create | Villager (Male) |
| 8:30 | Create | Villager (Male) |
| 8:30 | Create | Villager (Male) |
| 8:34 | Create | Fishing Ship |
| 8:34 | Create | Fishing Ship |
| 8:34 | Create | Fishing Ship |
| 8:47 | Build | House |
| 8:48 | Create | Villager (Male) |
| 8:54 | Create | Villager (Male) |
| 9:15 | Build | Mill |
| 9:22 | Create | Villager (Male) |
| 9:23 | Create | Villager (Male) |
| 9:50 | Research | Feudal Age |
| 9:50 | Research | Feudal Age |
| 10:38 | Build | Barracks |
| 11:30 | Build | Mining Camp |
| 11:38 | Build | House |
| 12:00 | Create | Villager (Male) |
| 12:00 | Create | Villager (Male) |
| 12:01 | Create | Villager (Male) |
| 12:09 | Age | Feudal Age |
| 12:13 | Build | Watch Tower |
| 12:19 | Create | Villager (Male) |
| 12:20 | Create | Villager (Male) |
| 13:11 | Build | House |
| 13:13 | Build | House |
| 13:16 | Build | House |
| 13:35 | Build | Watch Tower |
| 14:20 | Build | Market |
| 14:56 | Build | House |
| 15:08 | Create | Villager (Male) |
| 15:08 | Create | Villager (Male) |
| 15:54 | Build | Blacksmith |
| 15:58 | Build | Lumber Camp |
| 16:25 | Research | Castle Age |
| 16:56 | Build | Mining Camp |
| 17:22 | Build | House |
| 17:24 | Build | House |
| 17:41 | Research | Double-Bit Axe |
| 17:41 | Research | Double-Bit Axe |
| 17:49 | Create | Fishing Ship |
| 17:49 | Create | Fishing Ship |
| 17:49 | Create | Fishing Ship |
| 18:12 | Research | Stone Mining |
| 19:05 | Age | Castle Age |
| 19:27 | Build | Castle |
| 19:31 | Create | Villager (Male) |
| 19:31 | Create | Villager (Male) |
| 19:41 | Build | House |
| 19:46 | Create | Villager (Male) |
| 19:57 | Create | Fishing Ship |
| 19:57 | Create | Fishing Ship |
| 20:29 | Create | Villager (Male) |
| 20:48 | Build | Town Center |
| 20:52 | Create | Villager (Male) |
| 21:18 | Create | Rattan Archer |
| 21:32 | Create | Villager (Male) |
| 21:45 | Create | Rattan Archer |
| 22:38 | Build | Siege Workshop |
| 22:44 | Create | Villager (Male) |
| 22:45 | Create | Villager (Male) |
| 22:48 | Create | Villager (Male) |
| 22:49 | Create | Villager (Male) |
| 23:01 | Create | Villager (Male) |
| 23:06 | Create | Villager (Male) |
| 23:12 | Create | Battering Ram |
| 23:14 | Create | Battering Ram |
| 23:39 | Create | Villager (Male) |
| 23:54 | Build | House |
| 23:56 | Build | House |
| 24:13 | Build | Palisade Wall |
| 24:18 | Create | Battering Ram |
| 24:57 | Create | Villager (Male) |
| 24:58 | Create | Villager (Male) |
| 25:09 | Create | Battering Ram |
| 25:26 | Build | Archery Range |
| 25:28 | Build | Archery Range |
| 25:39 | Create | Fire Lancer |
| 25:40 | Create | Fire Lancer |
| 25:41 | Create | Fire Lancer |
| 25:44 | Create | Villager (Male) |
| 25:45 | Create | Villager (Male) |
| 25:45 | Create | Villager (Male) |
| 25:46 | Create | Villager (Male) |
| 26:18 | Create | Villager (Male) |
| 26:45 | Create | Cavalry Archer |
| 26:46 | Create | Cavalry Archer |
| 26:46 | Create | Cavalry Archer |
| 27:04 | Build | Archery Range |
| 27:10 | Create | Cavalry Archer |
| 27:10 | Create | Cavalry Archer |
| 27:10 | Create | Cavalry Archer |
| 27:21 | Build | Mill |
| 27:30 | Create | Cavalry Archer |
| 27:31 | Create | Cavalry Archer |
| 27:58 | Create | Cavalry Archer |
| 27:59 | Create | Cavalry Archer |
| 28:00 | Create | Cavalry Archer |
| 28:23 | Create | Cavalry Archer |
| 28:24 | Create | Cavalry Archer |
| 28:27 | Create | Cavalry Archer |
| 28:27 | Create | Cavalry Archer |
| 28:27 | Create | Cavalry Archer |
| 28:42 | Create | Cavalry Archer |
| 28:42 | Create | Cavalry Archer |
| 28:43 | Create | Cavalry Archer |
| 29:02 | Create | Cavalry Archer |
| 29:03 | Create | Cavalry Archer |
| 29:16 | Build | Monastery |
| 29:53 | Create | Cavalry Archer |
| 29:53 | Create | Cavalry Archer |
| 29:53 | Create | Cavalry Archer |
| 30:23 | Build | Castle |
Build order — 阿魚魚魚魚
First 150 of 190 actions detected
| 2:13 | Build | Dock |
| 2:32 | Build | Town Center |
| 2:54 | Build | House |
| 3:01 | Create | Fishing Ship |
| 3:08 | Build | House |
| 3:29 | Create | Villager (Male) |
| 3:29 | Create | Villager (Male) |
| 3:30 | Create | Villager (Male) |
| 3:30 | Create | Villager (Male) |
| 4:06 | Create | Fishing Ship |
| 4:52 | Create | Villager (Male) |
| 4:53 | Create | Villager (Male) |
| 4:56 | Create | Fishing Ship |
| 4:57 | Create | Fishing Ship |
| 5:10 | Build | House |
| 5:38 | Create | Villager (Male) |
| 6:08 | Create | Fishing Ship |
| 6:25 | Create | Villager (Male) |
| 6:25 | Create | Villager (Male) |
| 6:45 | Build | Dock |
| 7:07 | Create | Villager (Male) |
| 7:11 | Create | Fishing Ship |
| 7:27 | Create | Fishing Ship |
| 7:46 | Create | Villager (Male) |
| 8:00 | Build | Barracks |
| 8:30 | Build | House |
| 8:31 | Create | Fishing Ship |
| 8:33 | Create | Fishing Ship |
| 8:53 | Create | Villager (Male) |
| 9:00 | Create | Militia |
| 9:00 | Create | Militia |
| 9:20 | Build | House |
| 9:53 | Research | Feudal Age |
| 10:09 | Build | Mining Camp |
| 10:23 | Build | Mining Camp |
| 10:26 | Create | Fishing Ship |
| 10:30 | Create | Fishing Ship |
| 11:00 | Create | Fishing Ship |
| 11:12 | Create | Militia |
| 12:03 | Age | Feudal Age |
| 12:11 | Create | Unit 2626 |
| 12:11 | Create | Unit 2626 |
| 12:17 | Create | Villager (Male) |
| 12:18 | Create | Villager (Male) |
| 12:22 | Research | Man-at-Arms (upgrade) |
| 12:47 | Build | Watch Tower |
| 13:28 | Create | Villager (Male) |
| 13:29 | Create | Villager (Male) |
| 13:41 | Create | Unit 2626 |
| 13:42 | Create | Unit 2626 |
| 13:45 | Create | Unit 2626 |
| 13:46 | Create | Unit 2626 |
| 13:58 | Create | Villager (Male) |
| 14:07 | Create | Villager (Male) |
| 14:07 | Create | Villager (Male) |
| 14:14 | Create | Militia |
| 14:14 | Create | Militia |
| 14:43 | Create | Villager (Male) |
| 14:49 | Build | House |
| 14:50 | Build | House |
| 15:25 | Create | Villager (Male) |
| 15:37 | Create | Villager (Male) |
| 16:07 | Create | Fire Galley |
| 16:07 | Create | Fire Galley |
| 16:11 | Create | Fire Galley |
| 16:11 | Create | Fire Galley |
| 16:35 | Create | Villager (Male) |
| 16:35 | Create | Villager (Male) |
| 16:36 | Create | Villager (Male) |
| 16:55 | Create | Villager (Male) |
| 16:55 | Create | Villager (Male) |
| 17:09 | Build | Dock |
| 18:40 | Create | Villager (Male) |
| 18:47 | Create | Fishing Ship |
| 18:48 | Create | Fishing Ship |
| 18:48 | Create | Fishing Ship |
| 18:53 | Build | House |
| 19:02 | Build | Dock |
| 19:48 | Create | Fishing Ship |
| 20:00 | Build | Dock |
| 20:07 | Create | Fishing Ship |
| 21:11 | Build | Archery Range |
| 21:14 | Build | Archery Range |
| 21:35 | Build | Blacksmith |
| 21:38 | Create | Fishing Ship |
| 21:44 | Build | House |
| 22:00 | Create | Fishing Ship |
| 22:02 | Create | Fishing Ship |
| 22:11 | Create | Fishing Ship |
| 22:12 | Create | Fishing Ship |
| 22:12 | Create | Fishing Ship |
| 22:30 | Create | Fishing Ship |
| 22:30 | Create | Fishing Ship |
| 22:33 | Research | Castle Age |
| 24:23 | Create | Villager (Male) |
| 25:13 | Age | Castle Age |
| 25:24 | Build | Castle |
| 25:30 | Research | Fletching |
| 26:15 | Build | Town Center |
| 26:53 | Create | Cavalry Archer |
| 26:53 | Create | Cavalry Archer |
| 26:54 | Create | Cavalry Archer |
| 26:55 | Create | Cavalry Archer |
| 26:55 | Create | Cavalry Archer |
| 26:56 | Create | Cavalry Archer |
| 26:58 | Build | Mining Camp |
| 27:19 | Research | Bodkin Arrow |
| 27:20 | Research | Padded Archer Armor |
| 27:25 | Create | Cavalry Archer |
| 27:26 | Create | Cavalry Archer |
| 27:43 | Build | Town Center |
| 27:44 | Create | Villager (Male) |
| 27:45 | Create | Villager (Male) |
| 27:45 | Create | Villager (Male) |
| 27:46 | Create | Villager (Male) |
| 27:47 | Create | Villager (Male) |
| 27:47 | Create | Villager (Male) |
| 28:04 | Build | University |
| 28:08 | Research | Gold Mining |
| 28:20 | Create | Militia |
| 28:20 | Create | Militia |
| 28:23 | Create | Militia |
| 29:06 | Create | Militia |
| 29:22 | Create | Villager (Male) |
| 29:32 | Research | Ballistics |
| 30:07 | Create | Cavalry Archer |
| 30:07 | Create | Cavalry Archer |
| 30:49 | Create | Samurai |
| 30:50 | Create | Samurai |
| 31:20 | Create | Villager (Male) |
| 31:20 | Create | Villager (Male) |
| 31:20 | Create | Villager (Male) |
| 31:21 | Create | Villager (Male) |
| 31:44 | Create | Samurai |
| 31:44 | Create | Samurai |
| 32:05 | Build | Archery Range |
| 32:06 | Build | Archery Range |
| 32:31 | Build | Mill |
| 32:56 | Build | Castle |
| 33:33 | Create | Cavalry Archer |
| 33:34 | Create | Cavalry Archer |
| 33:34 | Create | Cavalry Archer |
| 33:35 | Create | Cavalry Archer |
| 33:35 | Create | Cavalry Archer |
| 34:24 | Create | Villager (Male) |
| 34:24 | Create | Villager (Male) |
| 34:25 | Create | Villager (Male) |
| 34:25 | Create | Villager (Male) |
| 34:30 | Create | Cavalry Archer |
| 34:30 | Create | Cavalry Archer |
Build order — 龙10五
First 150 of 321 actions detected
| 1:28 | Build | House |
| 2:46 | Build | Town Center |
| 3:19 | Build | Dock |
| 3:42 | Create | Villager (Male) |
| 3:42 | Create | Villager (Male) |
| 3:42 | Create | Villager (Male) |
| 3:43 | Create | Villager (Male) |
| 3:43 | Create | Villager (Male) |
| 3:43 | Create | Villager (Male) |
| 4:06 | Build | House |
| 4:31 | Create | Villager (Male) |
| 4:42 | Create | Fishing Ship |
| 4:56 | Create | Villager (Male) |
| 4:56 | Create | Villager (Male) |
| 4:57 | Create | Villager (Male) |
| 5:22 | Create | Fishing Ship |
| 5:22 | Create | Fishing Ship |
| 5:41 | Create | Villager (Male) |
| 5:41 | Create | Villager (Male) |
| 5:41 | Create | Villager (Male) |
| 5:52 | Build | House |
| 5:57 | Create | Fishing Ship |
| 6:09 | Create | Villager (Male) |
| 6:09 | Create | Villager (Male) |
| 6:09 | Create | Villager (Male) |
| 6:10 | Create | Villager (Male) |
| 6:10 | Create | Villager (Male) |
| 6:11 | Create | Villager (Male) |
| 6:25 | Build | House |
| 6:28 | Create | Fishing Ship |
| 6:28 | Create | Fishing Ship |
| 6:56 | Create | Fishing Ship |
| 7:03 | Create | Villager (Male) |
| 7:22 | Create | Villager (Male) |
| 7:28 | Build | House |
| 7:39 | Create | Fishing Ship |
| 8:14 | Create | Villager (Male) |
| 8:20 | Build | House |
| 8:23 | Create | Villager (Male) |
| 8:33 | Create | Fishing Ship |
| 8:44 | Create | Villager (Male) |
| 9:05 | Create | Villager (Male) |
| 9:36 | Create | Villager (Male) |
| 9:40 | Build | House |
| 9:49 | Create | Fishing Ship |
| 10:12 | Build | Lumber Camp |
| 10:28 | Build | House |
| 10:30 | Create | Villager (Male) |
| 10:42 | Create | Villager (Male) |
| 10:58 | Build | House |
| 11:22 | Build | House |
| 11:24 | Create | Villager (Male) |
| 11:38 | Create | Villager (Male) |
| 12:18 | Research | Feudal Age |
| 12:19 | Research | Feudal Age |
| 12:28 | Build | House |
| 12:36 | Build | Dock |
| 12:59 | Create | Villager (Male) |
| 13:01 | Research | Loom |
| 13:20 | Build | Mill |
| 13:31 | Create | Fishing Ship |
| 13:34 | Build | House |
| 14:28 | Age | Feudal Age |
| 14:31 | Build | Mill |
| 14:46 | Create | Villager (Male) |
| 15:02 | Build | House |
| 15:04 | Create | Fishing Ship |
| 15:24 | Create | Villager (Male) |
| 16:10 | Build | Blacksmith |
| 16:19 | Build | Market |
| 16:26 | Build | Mining Camp |
| 16:41 | Build | Barracks |
| 16:52 | Build | House |
| 17:03 | Research | Castle Age |
| 17:03 | Research | Castle Age |
| 17:34 | Build | Dock |
| 17:44 | Create | Spearman |
| 17:44 | Create | Spearman |
| 17:59 | Create | Spearman |
| 18:08 | Create | Fishing Ship |
| 18:14 | Build | Lumber Camp |
| 18:45 | Research | Double-Bit Axe |
| 18:45 | Research | Double-Bit Axe |
| 18:50 | Create | Spearman |
| 19:18 | Build | House |
| 19:43 | Age | Castle Age |
| 19:47 | Create | Villager (Male) |
| 19:53 | Build | Town Center |
| 19:55 | Create | Villager (Male) |
| 20:08 | Create | Villager (Male) |
| 20:19 | Create | Villager (Male) |
| 20:40 | Build | Town Center |
| 20:49 | Create | Fire Galley |
| 20:53 | Create | Fire Galley |
| 21:00 | Create | Villager (Male) |
| 21:00 | Create | Villager (Male) |
| 21:33 | Create | Villager (Male) |
| 21:43 | Build | Mining Camp |
| 21:45 | Create | Villager (Male) |
| 22:18 | Create | Villager (Male) |
| 22:26 | Build | Farm |
| 22:28 | Build | Farm |
| 22:32 | Create | Villager (Male) |
| 23:03 | Create | Villager (Male) |
| 23:19 | Research | War Galley (upgrade) |
| 23:30 | Create | Villager (Male) |
| 23:36 | Create | Villager (Male) |
| 23:38 | Create | Villager (Male) |
| 23:38 | Create | Villager (Male) |
| 23:47 | Build | Farm |
| 23:48 | Build | Farm |
| 23:49 | Build | Farm |
| 23:52 | Build | Farm |
| 23:53 | Build | Farm |
| 24:00 | Create | Villager (Male) |
| 24:04 | Create | Villager (Male) |
| 24:09 | Build | Farm |
| 24:10 | Build | Farm |
| 24:18 | Research | Forging |
| 24:18 | Research | Forging |
| 24:20 | Build | House |
| 24:28 | Create | Villager (Male) |
| 24:33 | Create | Villager (Male) |
| 24:39 | Create | Fire Galley |
| 24:41 | Create | Villager (Male) |
| 24:45 | Create | Villager (Male) |
| 24:57 | Create | Fire Galley |
| 25:06 | Create | Villager (Male) |
| 25:18 | Create | Fire Galley |
| 25:21 | Research | Wheelbarrow |
| 25:21 | Research | Wheelbarrow |
| 25:32 | Build | Farm |
| 25:33 | Build | Farm |
| 25:34 | Build | Farm |
| 25:43 | Create | Monk |
| 25:45 | Build | House |
| 25:51 | Research | Horse Collar |
| 25:51 | Research | Horse Collar |
| 26:08 | Create | Villager (Male) |
| 26:10 | Build | Farm |
| 26:11 | Build | Farm |
| 26:12 | Build | Farm |
| 26:16 | Create | Villager (Male) |
| 26:28 | Create | Villager (Male) |
| 26:48 | Build | Castle |
| 26:52 | Research | Padded Archer Armor |
| 26:54 | Create | Villager (Male) |
| 27:00 | Research | Heavy Plow |
| 27:00 | Research | Heavy Plow |
| 27:05 | Create | Villager (Male) |
Build order — Альберт
First 150 of 397 actions detected
| 0:10 | Build | House |
| 0:11 | Build | House |
| 0:27 | Build | Dock |
| 1:35 | Build | Town Center |
| 2:30 | Create | Villager (Male) |
| 2:31 | Create | Villager (Male) |
| 2:31 | Create | Villager (Male) |
| 2:32 | Create | Villager (Male) |
| 2:54 | Create | Fishing Ship |
| 3:19 | Create | Fishing Ship |
| 3:34 | Create | Fishing Ship |
| 4:21 | Build | Dock |
| 4:28 | Create | Fishing Ship |
| 4:30 | Build | House |
| 4:31 | Build | House |
| 5:17 | Create | Fishing Ship |
| 5:17 | Create | Fishing Ship |
| 5:18 | Create | Fishing Ship |
| 5:27 | Create | Villager (Male) |
| 5:27 | Create | Villager (Male) |
| 5:40 | Create | Fishing Ship |
| 5:40 | Create | Fishing Ship |
| 6:07 | Create | Fishing Ship |
| 6:07 | Create | Fishing Ship |
| 6:09 | Create | Villager (Male) |
| 6:10 | Create | Villager (Male) |
| 6:22 | Build | House |
| 6:27 | Create | Villager (Male) |
| 6:27 | Create | Villager (Male) |
| 6:31 | Create | Fishing Ship |
| 6:31 | Create | Fishing Ship |
| 6:31 | Create | Fishing Ship |
| 7:11 | Create | Villager (Male) |
| 7:12 | Create | Villager (Male) |
| 7:12 | Create | Villager (Male) |
| 7:13 | Create | Fishing Ship |
| 7:14 | Create | Fishing Ship |
| 7:14 | Create | Fishing Ship |
| 7:20 | Build | House |
| 7:30 | Build | Mining Camp |
| 7:54 | Create | Villager (Male) |
| 7:54 | Create | Villager (Male) |
| 7:54 | Create | Villager (Male) |
| 7:55 | Create | Villager (Male) |
| 7:55 | Create | Villager (Male) |
| 8:23 | Create | Fishing Ship |
| 8:23 | Create | Fishing Ship |
| 8:24 | Create | Fishing Ship |
| 8:57 | Build | Dock |
| 9:42 | Create | Fishing Ship |
| 9:43 | Create | Fishing Ship |
| 9:46 | Create | Fishing Ship |
| 9:53 | Build | House |
| 9:54 | Build | House |
| 10:21 | Create | Fishing Ship |
| 10:29 | Build | House |
| 10:33 | Build | House |
| 10:35 | Build | House |
| 10:36 | Build | House |
| 10:46 | Research | Feudal Age |
| 11:03 | Build | Barracks |
| 11:05 | Build | House |
| 12:04 | Age | Feudal Age |
| 12:06 | Create | Villager (Male) |
| 12:06 | Create | Villager (Male) |
| 12:07 | Create | Villager (Male) |
| 12:12 | Build | Blacksmith |
| 12:21 | Create | Fire Galley |
| 12:21 | Create | Fire Galley |
| 12:24 | Create | Galley |
| 12:24 | Create | Galley |
| 12:42 | Build | Stable |
| 13:09 | Research | Double-Bit Axe |
| 13:23 | Research | Castle Age |
| 13:25 | Create | Scout Cavalry |
| 14:37 | Build | Barracks |
| 14:39 | Build | Barracks |
| 14:57 | Create | Fire Galley |
| 14:58 | Create | Fire Galley |
| 14:59 | Age | Castle Age |
| 15:02 | Create | Villager (Male) |
| 15:02 | Create | Villager (Male) |
| 15:02 | Create | Villager (Male) |
| 15:20 | Research | Man-at-Arms (upgrade) |
| 15:35 | Build | Town Center |
| 15:40 | Create | Villager (Male) |
| 15:40 | Create | Villager (Male) |
| 15:48 | Build | Town Center |
| 15:51 | Create | Villager (Male) |
| 15:56 | Research | War Galley (upgrade) |
| 17:07 | Create | Unit 2626 |
| 17:07 | Create | Unit 2626 |
| 17:12 | Create | Villager (Male) |
| 17:12 | Create | Villager (Male) |
| 17:13 | Create | Villager (Male) |
| 17:14 | Create | Villager (Male) |
| 17:14 | Create | Villager (Male) |
| 17:16 | Create | Villager (Male) |
| 17:16 | Create | Villager (Male) |
| 17:17 | Create | Villager (Male) |
| 17:27 | Create | Galley |
| 17:27 | Create | Galley |
| 17:34 | Build | Dock |
| 18:05 | Create | Unit 2626 |
| 18:05 | Create | Unit 2626 |
| 18:11 | Create | Villager (Male) |
| 18:12 | Create | Villager (Male) |
| 18:12 | Create | Villager (Male) |
| 18:13 | Create | Villager (Male) |
| 18:14 | Create | Villager (Male) |
| 18:16 | Create | Villager (Male) |
| 18:17 | Create | Villager (Male) |
| 18:17 | Create | Villager (Male) |
| 18:21 | Create | Villager (Male) |
| 18:21 | Create | Villager (Male) |
| 18:27 | Build | Barracks |
| 19:03 | Create | Fishing Ship |
| 19:03 | Create | Fishing Ship |
| 19:07 | Build | Mining Camp |
| 19:14 | Build | Siege Workshop |
| 19:27 | Create | Unit 2626 |
| 19:28 | Create | Unit 2626 |
| 19:29 | Create | Galley |
| 19:30 | Create | Galley |
| 20:03 | Create | Spearman |
| 20:04 | Create | Spearman |
| 20:04 | Create | Spearman |
| 20:05 | Create | Spearman |
| 20:05 | Create | Spearman |
| 20:28 | Build | Gate |
| 20:55 | Build | Stone Wall |
| 20:57 | Create | Villager (Male) |
| 20:58 | Create | Villager (Male) |
| 21:11 | Create | Villager (Male) |
| 21:12 | Create | Villager (Male) |
| 21:12 | Create | Villager (Male) |
| 21:12 | Create | Villager (Male) |
| 21:13 | Create | Villager (Male) |
| 21:14 | Create | Villager (Male) |
| 21:14 | Create | Villager (Male) |
| 21:14 | Create | Villager (Male) |
| 21:30 | Build | Stone Wall |
| 21:36 | Build | Stone Wall |
| 21:53 | Build | Outpost |
| 21:58 | Create | Spearman |
| 21:58 | Create | Spearman |
| 21:59 | Create | Spearman |
| 22:34 | Build | Mining Camp |
| 22:42 | Create | Scout Cavalry |
| 22:48 | Create | Villager (Male) |
Build order — 維尼
First 150 of 342 actions detected
| 1:23 | Build | Town Center |
| 2:18 | Build | Dock |
| 2:22 | Create | Villager (Male) |
| 2:22 | Create | Villager (Male) |
| 2:22 | Create | Villager (Male) |
| 2:23 | Create | Villager (Male) |
| 2:26 | Build | House |
| 3:10 | Create | Fishing Ship |
| 4:07 | Create | Fishing Ship |
| 4:07 | Create | Fishing Ship |
| 4:11 | Create | Villager (Male) |
| 4:12 | Create | Villager (Male) |
| 4:15 | Build | House |
| 4:43 | Create | Villager (Male) |
| 4:43 | Create | Villager (Male) |
| 4:43 | Create | Villager (Male) |
| 5:00 | Create | Fishing Ship |
| 5:10 | Research | Loom |
| 5:29 | Create | Villager (Male) |
| 5:46 | Create | Villager (Male) |
| 5:49 | Create | Fishing Ship |
| 5:54 | Build | House |
| 6:44 | Build | Mill |
| 6:46 | Create | Villager (Male) |
| 6:51 | Create | Fishing Ship |
| 7:08 | Create | Villager (Male) |
| 7:13 | Create | Villager (Male) |
| 7:16 | Build | House |
| 7:38 | Create | Fishing Ship |
| 7:39 | Create | Fishing Ship |
| 7:41 | Create | Villager (Male) |
| 7:52 | Build | House |
| 7:54 | Build | House |
| 8:19 | Create | Villager (Male) |
| 8:32 | Build | Dock |
| 8:37 | Build | House |
| 8:42 | Build | House |
| 9:00 | Create | Villager (Male) |
| 9:01 | Create | Villager (Male) |
| 9:21 | Create | Fishing Ship |
| 9:21 | Create | Fishing Ship |
| 9:27 | Create | Villager (Male) |
| 9:39 | Create | Fishing Ship |
| 9:39 | Create | Fishing Ship |
| 9:45 | Build | House |
| 10:17 | Create | Villager (Male) |
| 10:21 | Build | Lumber Camp |
| 10:36 | Create | Fishing Ship |
| 10:38 | Create | Fishing Ship |
| 10:47 | Create | Villager (Male) |
| 10:49 | Create | Villager (Male) |
| 11:18 | Research | Feudal Age |
| 11:18 | Research | Feudal Age |
| 11:19 | Research | Feudal Age |
| 11:28 | Create | Fishing Ship |
| 11:28 | Create | Fishing Ship |
| 12:55 | Build | Mining Camp |
| 12:59 | Create | Fishing Ship |
| 12:59 | Create | Fishing Ship |
| 13:34 | Create | Villager (Male) |
| 13:34 | Create | Villager (Male) |
| 13:47 | Age | Feudal Age |
| 13:51 | Build | Market |
| 13:54 | Build | Blacksmith |
| 14:49 | Research | Castle Age |
| 14:49 | Research | Castle Age |
| 14:59 | Build | Dock |
| 15:02 | Research | Double-Bit Axe |
| 15:11 | Research | Gold Mining |
| 15:55 | Build | Mining Camp |
| 15:59 | Build | House |
| 16:30 | Build | Fish Trap |
| 16:32 | Build | House |
| 16:32 | Build | House |
| 17:18 | Research | Fletching |
| 17:29 | Age | Castle Age |
| 17:30 | Create | Longboat |
| 17:30 | Create | Longboat |
| 17:31 | Create | Longboat |
| 17:34 | Create | Villager (Male) |
| 17:34 | Create | Villager (Male) |
| 17:34 | Create | Villager (Male) |
| 17:41 | Build | Farm |
| 17:42 | Build | Farm |
| 17:42 | Build | Farm |
| 17:42 | Build | Farm |
| 17:42 | Build | Farm |
| 17:43 | Build | Farm |
| 17:52 | Build | Farm |
| 17:59 | Create | Villager (Male) |
| 17:59 | Create | Villager (Male) |
| 18:09 | Create | Longboat |
| 18:10 | Create | Longboat |
| 18:10 | Create | Longboat |
| 19:11 | Create | Longboat |
| 19:11 | Create | Longboat |
| 19:11 | Create | Longboat |
| 19:16 | Create | Villager (Male) |
| 19:16 | Create | Villager (Male) |
| 19:29 | Build | Town Center |
| 19:36 | Create | Longboat |
| 19:36 | Create | Longboat |
| 19:36 | Create | Longboat |
| 19:40 | Create | Longboat |
| 19:40 | Create | Longboat |
| 19:41 | Create | Longboat |
| 19:41 | Create | Longboat |
| 20:02 | Research | Bodkin Arrow |
| 20:02 | Research | Bodkin Arrow |
| 20:13 | Create | Longboat |
| 20:13 | Create | Longboat |
| 20:13 | Create | Longboat |
| 20:54 | Create | Longboat |
| 20:56 | Create | Longboat |
| 20:56 | Create | Longboat |
| 20:56 | Create | Longboat |
| 20:57 | Create | Longboat |
| 21:16 | Create | Villager (Male) |
| 21:17 | Create | Villager (Male) |
| 21:17 | Create | Villager (Male) |
| 21:24 | Create | Villager (Male) |
| 21:34 | Create | Villager (Male) |
| 22:16 | Create | Longboat |
| 22:16 | Create | Longboat |
| 22:17 | Create | Longboat |
| 22:17 | Create | Longboat |
| 22:17 | Create | Villager (Male) |
| 22:18 | Create | Villager (Male) |
| 22:18 | Create | Villager (Male) |
| 22:40 | Create | Longboat |
| 22:40 | Create | Longboat |
| 22:50 | Create | Villager (Male) |
| 22:50 | Create | Villager (Male) |
| 22:50 | Create | Villager (Male) |
| 22:51 | Create | Villager (Male) |
| 23:05 | Build | Town Center |
| 23:08 | Create | Longboat |
| 23:08 | Create | Longboat |
| 23:09 | Create | Longboat |
| 23:09 | Create | Longboat |
| 23:33 | Create | Longboat |
| 23:33 | Create | Longboat |
| 23:34 | Create | Longboat |
| 23:46 | Create | Villager (Male) |
| 23:46 | Create | Villager (Male) |
| 23:55 | Create | Longboat |
| 23:55 | Create | Longboat |
| 24:01 | Create | Longboat |
| 24:02 | Create | Longboat |
| 24:06 | Create | Longboat |
Build order — 灯窝森曾瑞不药方松迪
First 150 of 333 actions detected
| 0:28 | Build | House |
| 0:29 | Build | House |
| 1:52 | Build | Dock |
| 2:11 | Build | Town Center |
| 2:53 | Create | Fishing Ship |
| 3:23 | Create | Villager (Male) |
| 3:23 | Create | Villager (Male) |
| 3:23 | Create | Villager (Male) |
| 3:23 | Create | Villager (Male) |
| 3:23 | Create | Villager (Male) |
| 3:57 | Create | Fishing Ship |
| 4:26 | Create | Fishing Ship |
| 4:33 | Create | Villager (Male) |
| 4:33 | Create | Villager (Male) |
| 5:06 | Build | Dock |
| 5:12 | Create | Villager (Male) |
| 5:12 | Create | Villager (Male) |
| 5:12 | Create | Villager (Male) |
| 5:13 | Create | Fishing Ship |
| 5:14 | Create | Fishing Ship |
| 5:27 | Build | House |
| 5:29 | Build | House |
| 5:50 | Create | Fishing Ship |
| 6:24 | Create | Villager (Male) |
| 6:24 | Create | Villager (Male) |
| 6:44 | Create | Fishing Ship |
| 6:44 | Create | Fishing Ship |
| 6:56 | Create | Villager (Male) |
| 6:56 | Create | Villager (Male) |
| 6:57 | Create | Villager (Male) |
| 6:57 | Create | Villager (Male) |
| 6:57 | Create | Villager (Male) |
| 6:57 | Create | Villager (Male) |
| 7:16 | Build | House |
| 7:36 | Build | Mill |
| 8:02 | Create | Fishing Ship |
| 8:02 | Create | Fishing Ship |
| 8:19 | Create | Fishing Ship |
| 8:20 | Create | Fishing Ship |
| 8:53 | Build | Mining Camp |
| 8:56 | Create | Villager (Male) |
| 9:05 | Build | House |
| 9:07 | Build | House |
| 9:22 | Research | Loom |
| 9:28 | Research | Feudal Age |
| 9:28 | Research | Feudal Age |
| 9:36 | Build | Lumber Camp |
| 10:14 | Build | Dock |
| 11:46 | Build | Dock |
| 11:57 | Age | Feudal Age |
| 11:58 | Research | Double-Bit Axe |
| 12:03 | Create | Galley |
| 12:03 | Create | Galley |
| 12:04 | Create | Galley |
| 12:08 | Create | Villager (Male) |
| 12:08 | Create | Villager (Male) |
| 12:08 | Create | Villager (Male) |
| 12:08 | Create | Villager (Male) |
| 12:09 | Create | Villager (Male) |
| 12:19 | Build | Blacksmith |
| 12:57 | Build | Market |
| 13:06 | Create | Galley |
| 13:06 | Create | Galley |
| 13:34 | Build | House |
| 13:35 | Build | House |
| 13:41 | Create | Galley |
| 13:47 | Research | Fletching |
| 13:47 | Research | Fletching |
| 13:52 | Build | Lumber Camp |
| 14:10 | Create | Galley |
| 14:11 | Create | Galley |
| 14:22 | Create | Villager (Male) |
| 15:18 | Research | Castle Age |
| 15:18 | Research | Castle Age |
| 15:21 | Create | Galley |
| 15:21 | Create | Galley |
| 15:21 | Create | Galley |
| 15:58 | Create | Galley |
| 15:58 | Create | Galley |
| 16:02 | Build | House |
| 16:03 | Build | House |
| 16:04 | Build | House |
| 16:05 | Build | House |
| 17:58 | Age | Castle Age |
| 18:02 | Build | Town Center |
| 18:31 | Create | Villager (Male) |
| 18:31 | Create | Villager (Male) |
| 18:31 | Create | Villager (Male) |
| 19:00 | Research | War Galley (upgrade) |
| 19:09 | Research | Bodkin Arrow |
| 19:09 | Research | Bodkin Arrow |
| 19:33 | Build | Town Center |
| 19:41 | Create | Galley |
| 19:41 | Create | Galley |
| 19:52 | Build | House |
| 19:53 | Build | House |
| 19:57 | Build | University |
| 20:11 | Create | Galley |
| 20:11 | Create | Galley |
| 20:12 | Create | Galley |
| 20:12 | Create | Galley |
| 20:12 | Create | Villager (Male) |
| 20:13 | Create | Villager (Male) |
| 21:10 | Create | Galley |
| 21:12 | Create | Galley |
| 21:12 | Create | Galley |
| 21:12 | Create | Galley |
| 21:13 | Create | Galley |
| 21:13 | Create | Galley |
| 21:13 | Create | Galley |
| 21:25 | Build | Mining Camp |
| 21:35 | Build | House |
| 21:35 | Build | House |
| 21:57 | Create | Monk |
| 22:16 | Research | Ballistics |
| 22:16 | Research | Ballistics |
| 22:20 | Create | Villager (Male) ×5 |
| 22:20 | Create | Villager (Male) ×5 |
| 22:20 | Create | Villager (Male) |
| 22:54 | Create | Villager (Male) |
| 22:54 | Create | Villager (Male) |
| 22:58 | Build | Farm |
| 22:58 | Build | Farm |
| 22:58 | Build | Farm |
| 22:58 | Build | Farm |
| 22:59 | Build | Farm |
| 22:59 | Build | Farm |
| 22:59 | Build | Farm |
| 22:59 | Build | Farm |
| 22:59 | Build | Farm |
| 23:00 | Build | Farm |
| 23:00 | Build | Farm |
| 23:45 | Create | Villager (Male) ×2 |
| 23:46 | Create | Villager (Male) ×2 |
| 23:49 | Create | Galley |
| 23:49 | Create | Galley |
| 23:50 | Create | Galley |
| 23:52 | Create | Galley |
| 23:52 | Create | Galley |
| 23:52 | Create | Galley |
| 23:53 | Create | Galley |
| 23:53 | Create | Galley |
| 24:47 | Build | House |
| 24:47 | Build | House |
| 24:52 | Research | Horse Collar |
| 24:52 | Research | Horse Collar |
| 24:56 | Build | Farm |
| 24:56 | Build | Farm |
| 24:56 | Build | Farm |
| 24:56 | Build | Farm |
Match timeline
| 0:27 | Альберт · first_building Dock |
| 1:17 | 北海小英雄 · first_building Dock |
| 1:52 | 灯窝森曾瑞不药方松迪 · first_building Dock |
| 1:59 | LR · first_building Dock |
| 2:13 | 阿魚魚魚魚 · first_building Dock |
| 2:18 | 維尼 · first_building Dock |
| 2:24 | nbakmbi · first_building Dock |
| 3:19 | 龙10五 · first_building Dock |
| 7:58 | nbakmbi · wall_segment Palisade Wall x1 |
| 8:00 | 阿魚魚魚魚 · first_building Barracks |
| 9:54 | 北海小英雄 · age_up feudal |
| 10:04 | 北海小英雄 · first_building Stable |
| 10:38 | nbakmbi · first_building Barracks |
| 10:42 | LR · age_up feudal |
| 11:03 | Альберт · first_building Barracks |
| 11:57 | 灯窝森曾瑞不药方松迪 · age_up feudal |
| 12:03 | 阿魚魚魚魚 · age_up feudal |
| 12:04 | Альберт · age_up feudal |
| 12:09 | nbakmbi · age_up feudal |
| 12:42 | Альберт · first_building Stable |
| 13:47 | 維尼 · age_up feudal |
| 14:28 | 龙10五 · age_up feudal |
| 14:47 | 維尼 · first_market_sell 100 wood |
| 14:59 | Альберт · age_up castle |
| 16:19 | nbakmbi · first_market_sell 100 food |
| 16:41 | 龙10五 · first_building Barracks |
| 17:01 | 龙10五 · first_market_sell 100 wood |
| 17:29 | 維尼 · age_up castle |
| 17:58 | 灯窝森曾瑞不药方松迪 · age_up castle |
| 19:05 | nbakmbi · age_up castle |
| 19:06 | nbakmbi · first_market_buy 100 stone |
| 19:14 | Альберт · first_building Siege Workshop |
| 19:27 | nbakmbi · first_building Castle |
| 19:43 | 龙10五 · age_up castle |
| 20:50 | LR · first_market_sell 100 wood |
| 20:55 | Альберт · wall_segment Stone Wall x14 |
| 20:59 | LR · age_up castle |
| 21:07 | 北海小英雄 · age_up castle |
| 21:11 | 阿魚魚魚魚 · first_building Archery Range |
| 21:13 | LR · first_market_buy 100 stone |
| 21:19 | LR · first_building Castle |
| 21:30 | Альберт · wall_segment Stone Wall x8 |
| 21:36 | Альберт · wall_segment Stone Wall x6 |
| 21:42 | 灯窝森曾瑞不药方松迪 · first_market_sell 100 wood |
| 22:38 | nbakmbi · first_building Siege Workshop |
| 23:00 | 維尼 · first_market_buy 500 wood |
| 24:13 | nbakmbi · wall_segment Palisade Wall x1 |
| 24:15 | 龙10五 · first_market_buy 100 food |
| 25:13 | 阿魚魚魚魚 · age_up castle |
| 25:24 | 阿魚魚魚魚 · first_building Castle |
| 25:26 | nbakmbi · first_building Archery Range |
| 25:35 | Альберт · first_building Castle |
| 26:48 | 龙10五 · first_building Castle |
| 28:11 | 龙10五 · first_building Stable |
| 28:38 | LR · first_building Siege Workshop |
| 28:58 | Альберт · wall_segment Stone Wall x3 |
| 29:04 | Альберт · wall_segment Stone Wall x4 |
| 29:16 | nbakmbi · first_building Monastery |
| 29:19 | Альберт · first_market_sell 100 food |
| 29:38 | Альберт · wall_segment Stone Wall x7 |
| 29:50 | 北海小英雄 · first_building Castle |
| 31:07 | 維尼 · first_building Monastery |
| 31:19 | Альберт · age_up imperial |
| 32:06 | 北海小英雄 · first_market_sell 100 wood |
| 32:09 | 北海小英雄 · first_market_buy 100 stone |
| 32:21 | Альберт · wall_segment Stone Wall x4 |
| 32:32 | 灯窝森曾瑞不药方松迪 · first_market_buy 100 food |
| 32:49 | 維尼 · first_building Barracks |
| 33:05 | LR · age_up imperial |
| 35:42 | 維尼 · age_up imperial |
| 35:44 | 灯窝森曾瑞不药方松迪 · age_up imperial |
| 36:00 | LR · first_building Barracks |
| 37:29 | LR · first_building Archery Range |
| 38:21 | Альберт · first_building Archery Range |
| 38:38 | 阿魚魚魚魚 · first_building Stable |
| 39:02 | 灯窝森曾瑞不药方松迪 · tribute_sent a jugador 1 |
| 39:02 | 灯窝森曾瑞不药方松迪 · tribute_sent a jugador 2 |
| 39:02 | 灯窝森曾瑞不药方松迪 · tribute_sent a jugador 3 |
| 39:02 | 灯窝森曾瑞不药方松迪 · tribute_sent a jugador 4 |
| 39:02 | 灯窝森曾瑞不药方松迪 · tribute_sent a jugador 5 |
| 39:02 | 灯窝森曾瑞不药方松迪 · tribute_sent a jugador 6 |
| 39:02 | 灯窝森曾瑞不药方松迪 · tribute_sent a jugador 7 |
| 39:07 | 龙10五 · age_up imperial |
| 40:33 | 灯窝森曾瑞不药方松迪 · tribute_sent a jugador 1 |
| 40:33 | 灯窝森曾瑞不药方松迪 · tribute_sent a jugador 2 |
| 40:33 | 灯窝森曾瑞不药方松迪 · tribute_sent a jugador 3 |
| 40:33 | 灯窝森曾瑞不药方松迪 · tribute_sent a jugador 4 |
| 40:33 | 灯窝森曾瑞不药方松迪 · tribute_sent a jugador 5 |
| 40:33 | 灯窝森曾瑞不药方松迪 · tribute_sent a jugador 6 |
| 40:33 | 灯窝森曾瑞不药方松迪 · tribute_sent a jugador 7 |
| 42:12 | 灯窝森曾瑞不药方松迪 · tribute_sent a jugador 1 |
| 42:12 | 灯窝森曾瑞不药方松迪 · tribute_sent a jugador 2 |
| 42:12 | 灯窝森曾瑞不药方松迪 · tribute_sent a jugador 3 |
| 42:12 | 灯窝森曾瑞不药方松迪 · tribute_sent a jugador 4 |
| 42:12 | 灯窝森曾瑞不药方松迪 · tribute_sent a jugador 5 |
| 42:12 | 灯窝森曾瑞不药方松迪 · tribute_sent a jugador 6 |
| 42:12 | 灯窝森曾瑞不药方松迪 · tribute_sent a jugador 7 |
| 44:12 | 北海小英雄 · age_up imperial |
| 44:51 | 維尼 · resign |
[ AI ANALYSIS · 1 CREDIT ]
What really happened in this match?
Wolo.gg analyzes every decision: build order, eco, micro, common mistakes by bracket. Personalized analysis on WhatsApp or Discord in 30 seconds.
Civ guide
Dravidians
Perfil
Jugador #10424741